 Dungeon Crawl Stone Soup version 0.29.1-14-g9c671dbff4 (webtiles) character file.

Game seed: 4428990262481127121

13566 octoduck the Merchant of Misery (level 11, -6/84 HPs)
             Began as a Demonspawn Necromancer on Feb 14, 2023.
             Was a Believer of Kikubaaqudgha.
             Mangled by a sun demon (8 damage)
             ... led by a balrug
             ... on level 1 of the Abyss on Feb 15, 2023.
             The game lasted 01:22:35 (18045 turns).

octoduck the Merchant of Misery (DsNe)             Turns: 18045, Time: 01:22:36

Health: -6/84      AC: 21    Str: 11    XL:     11   Next: 77%
Magic:  16/16      EV: 13    Int: 21    God:    Kikubaaqudgha [**....]
Gold:   1122       SH:  0    Dex: 14    Spells: 4/17 levels left

rFire   + . .      SeeInvis .   C - +2 morningstar (freeze)
rCold   . . .      Faith    .   (no shield)
rNeg    . . .      Spirit   .   g - +1 ring mail
rPois   +          Reflect  .   m - +1 hat {Int+3}
rElec   .          Harm     .   e - +1 cloak {rPois}
rCorr   +          Rampage  .   (no gloves)
Will    .....                   q - +0 pair of boots
Stlth   +.........              E - amulet of the acrobat
HPRegen 0.24/turn               M - ring of resist corrosion
MPRegen 0.15/turn               F - ring of protection from fire

@: sanguine armoured
A: antennae 2, demonic guardian 2, sanguine armour 2, demonic magic 1
a: Renounce Religion, Unearth Wretches


You were on level 1 of the Abyss.
You worshipped Kikubaaqudgha.
Kikubaaqudgha was pleased with you.
You visited 3 branches of the dungeon, and saw 14 of its levels.
You visited the Abyss 1 time.
You also visited: Ossuary.

You collected 1122 gold pieces.

Inventory:

Hand Weapons
 t - a +3 mace of venom
 C - a +2 morningstar of freezing (weapon)
Missiles
 i - 14 poisoned darts
 p - 3 throwing nets
 K - 3 boomerangs of dispersal
Armour
 a - a +2 chain mail of fire resistance
 e - a +1 cloak of poison resistance (worn)
 g - a +1 ring mail (worn)
 m - a +1 hat of intelligence (worn)
 q - a +0 pair of boots (worn)
 G - a +0 leather armour of willpower
 L - a +2 robe of cold resistance
Magical Staves
 c - a staff of cold
Jewellery
 E - an amulet of the acrobat (around neck)
 F - a ring of protection from fire (right hand)
 M - a ring of resist corrosion (left hand)
 O - an amulet of guardian spirit
Wands
 d - a wand of flame (38)
Scrolls
 b - a scroll of vulnerability
 h - 2 scrolls of enchant armour
 n - 6 scrolls of teleportation
 o - 3 scrolls of amnesia
 u - 5 scrolls of fog
 v - a scroll of enchant weapon
 w - a scroll of identify
 y - a scroll of brand weapon
 A - a scroll of torment
 B - 2 scrolls of fear
 D - a scroll of magic mapping
Potions
 f - 9 potions of mutation
 j - 5 potions of curing
 k - 2 potions of attraction
 l - 2 potions of lignification
 r - 2 potions of flight
 s - a potion of resistance
 x - 2 potions of brilliance
 z - a potion of ambrosia
 N - a potion of heal wounds


   Skills:
 + Level 7.0 Fighting
 * Level 8.0 Maces & Flails
 - Level 7.7 Armour
 - Level 6.9 Dodging
 - Level 1.7 Stealth
 - Level 3.6 Spellcasting
 - Level 12.0 Necromancy


You had 4 spell levels left.
You knew the following spells:

 Your Spells              Type           Power      Damage    Failure   Level
a - Necrotise             Necr           100%       1d9       1%          1
b - Vampiric Draining     Necr           53%        2d9       1%          3
c - Animate Dead          Necr           53%        N/A       1%          4
d - Agony                 Necr           53%        N/A       5%          5

Your spell library contained the following spells:

 Spells                   Type           Power      Damage    Failure   Level
 Sublimation of Blood     Necr           53%        N/A       1%          2
 Anguish                  Hex/Necr       14%        N/A       22%         4
 Foxfire                  Conj/Fire      12%        2x1d4     26%         1
 Shock                    Conj/Air       12%        1d3       26%         1
 Ensorcelled Hibernation  Hex/Ice        6%         N/A       38%         2
 Passwall                 Tmut/Erth      2%         N/A       38%         2
 Conjure Flame            Conj/Fire      3%         6-21      63%         3
 Inner Flame              Hex/Fire       3%         N/A       63%         3
 Swiftness                Air            3%         N/A       63%         3
 Flame Wave               Conj/Fire      3%         2d5       95%         4
 Death Channel            Necr           26%        N/A       28%         6
 Blade Hands              Tmut           1%         N/A       100%        5
 Fireball                 Conj/Fire      1%         3d3       100%        5
 Irradiate                Conj/Tmut      1%         3d12      100%        5
 Dispersal                Tloc           1%         N/A       100%        6
 Dragon Form              Tmut           1%         N/A       100%        7
 Disjunction              Tloc           1%         N/A       100%        8
 Infestation              Necr           26%        N/A       100%        8


Dungeon Overview and Level Annotations

Branches:
Dungeon (11/15)            Temple (1/1) D:7            Lair (2/5) D:8
Ossuary (visited)
  Swamp: Lair:2-3    Shoals: Lair:2-3     Snake: Lair:2-3    Spider: Lair:2-3
    Orc: D:9-12

Altars:
Ashenzari
Cheibriados
Dithmenos
Gozag
Hepliaklqana
Kikubaaqudgha
Makhleb
Nemelex Xobeh
Okawaru
Qazlal
Ru
Sif Muna
Trog
Uskayaw
Vehumet
Wu Jian
Xom
Yredelemnul

Annotations:
D:9 Amaemon
D:11 Sonja


Innate Abilities, Weirdness & Mutations

You have a pair of antennae on your head.
A demonic guardian rushes to your aid.
When seriously injured, your blood forms thick armour. (AC +9)
Spells you cast may paralyse adjacent enemies.


Message History

The neqoxec shouts!
The neqoxec gestures at you.
Something tries to feed on your intellect!
The white imp gestures at you. The puff of frost misses you.
A sun demon comes into view.
The sun demon shouts! x2; You hear a shout!
A sun demon comes into view.
Your body is wracked with pain!
A demonic guardian appears!
Your blood congeals into armour.
Something is bathed in an unholy light!
A shadow demon comes into view.
Okay, then.
Okay, then.
The white imp attacks as you move away! The white imp completely misses you.
The sun demon completely misses you. Something misses you.
Something closely misses you.
The sun demon hits you but does no damage.
Your hellwing barely misses the white imp. x2
The shadow demon gestures.
The sun demon attacks as you move away!
The sun demon hits you but does no damage.
A balrug comes into view. It is wielding a +0 demon whip.
The raiju barks!
The sun demon misses you.
Your hellwing hits the white imp!
The white imp dies!
Kikubaaqudgha accepts your kill. Something misses you.
The lich touches you but does no damage.
There is a gateway leading out of the Abyss here.
Something hits you but does no damage.
Deactivating autopickup; reactivate with Ctrl-A.
The sun demon hits you!
* * * LOW HITPOINT WARNING * * *
You are engulfed in flames!
You resist.
* * * LOW HITPOINT WARNING * * *
The sun demon hits you!
* * * LOW HITPOINT WARNING * * *
You are engulfed in flames!
You resist.
You die...
Kikubaaqudgha rasps: "You have failed me!
Welcome... death!"

....##........#
#..............####
........3.........#
................#
...............#### #
...h.......4##....### .
......h33..###...#..###.
....*2L3{###.#.. ..#....
#.2...3@..# #.{ ...# .
......h....##...##.# ..
............##..# +{...
....###..##.....####.. .
... #... #..... #. . ..
#..####.... #. .. # #..#
#.#... # ## #..# #


You could see a lich (summoned), a balrug, a wretched star (summoned), 4 sun
demons, a shadow demon, 3 raiju, a neqoxec and a friendly hellwing (summoned).

Vanquished Creatures
  Harold (D:9)
  2 two-headed ogres (D:10)
  Pikel (D:6)
  Joseph (D:7)
  Maurice (D:8)
  An unseen horror (D:11)
  Psyche (D:8)
  A rime drake (Lair:1)
  A troll (D:6)
  A hornet (D:10)
  2 blink frogs (Lair:1)
  Prince Ribbit (D:8)
  3 yaks
  A wyvern (D:9)
  2 steam dragons (D:7)
  Menkaure (D:7)
  2 acid dragons
  3 water moccasins
  3 orc warriors
  A sky beast (D:6)
  An ice beast (D:8)
  3 ogres
  3 centaurs
  A lemure (D:6)
  4 bullfrogs
  A necrophage (D:5)
  4 scorpions
  A water moccasin zombie (Ossuary)
  7 wights
  6 killer bees
  7 howler monkeys
  An electric eel (D:6)
  2 crimson imps (D:7)
  2 bullfrog zombies (Ossuary)
  4 centaur zombies (Ossuary)
  8 orc priests
  A human zombie (Ossuary)
  3 hounds
  Crazy Yiuf (D:7)
  A gnoll bouda (D:7)
  4 iguanas
  9 orc wizards
  13 gnolls
  7 adders
  A white imp (D:7)
  3 adder zombies (Ossuary)
  2 worms
  2 dart slugs
  32 orcs
  4 bats
  3 endoplasms
  4 giant cockroaches
  3 gnoll zombies (Ossuary)
  6 hobgoblins
  8 jackals
  4 quokkas
  3 ball pythons
  4 frilled lizards
  10 goblins
  3 goblin zombies (Ossuary)
  3 hobgoblin zombies (Ossuary)
  4 kobolds
  2 orc zombies (Ossuary)
  8 rats
233 creatures vanquished.

Vanquished Creatures (collateral kills)
  A hydra (Lair:2)
  2 elephants (Lair:2)
  A cane toad (Lair:2)
  An unseen horror (D:10)
  3 blink frogs (Lair:1)
  2 yaks (Lair:1)
  An ice beast (D:8)
  3 bullfrogs
  A human zombie (D:8)
  4 killer bees
  5 electric eels (D:6)
  2 howler monkeys
  5 crimson imps (D:7)
  A mummy (Ossuary)
  A gnoll (D:7)
  A shadow imp (D:7)
  A white imp (Abyss:1)
  3 orcs
38 creatures vanquished.

Vanquished Creatures (others)
  An elephant (Lair:2)
  A cane toad (Lair:2)
  An elephant zombie (Lair:2)
  A wyvern zombie (D:9)
  A water moccasin zombie (Lair:1)
  A bullfrog zombie (D:8)
  8 killer bee zombies
  An acid dragon zombie (D:10)
  4 howler monkey zombies
  A steam dragon zombie (D:7)
  A giant cockroach zombie (D:6)
  5 gnoll zombies
  3 goblin zombies (D:8)
  10 orc zombies
  25 fungi
  A lurking horror (Abyss:1)
  24 plants
89 creatures vanquished.

Grand Total: 360 creatures vanquished

Notes
Turn   | Place    | Note
-------+----------+-------------------------------------------
     0 | D:1      | octoduck the Demonspawn Necromancer began the quest for the
                  | Orb.
     0 | D:1      | Reached XP level 1. HP: 13/13 MP: 3/3
   584 | D:1      | Gained mutation: Spells you cast may paralyse adjacent
                  | enemies. [demonic ancestry]
   584 | D:1      | Reached XP level 2. HP: 19/19 MP: 3/5
   640 | D:1      | Reached skill level 5 in Necromancy
   774 | D:1      | Got Sed Ynigofex's Writings on the Unholy Impact
  1752 | D:2      | Reached XP level 3. HP: 24/24 MP: 2/6
  1793 | D:2      | Learned a level 3 spell: Vampiric Draining
  2502 | D:2      | Found a faded altar of an unknown god.
  2885 | D:3      | Noticed a scorpion
  3115 | D:3      | Reached skill level 6 in Necromancy
  3140 | D:3      | Gained mutation: When seriously injured, your blood forms
                  | armour. (AC +9) [demonic ancestry]
  3140 | D:3      | Reached XP level 4. HP: 7/30 MP: 2/7
  3938 | D:3      | Killed a scorpion
  3939 | D:3      | Reached skill level 7 in Necromancy
  3939 | D:3      | Reached XP level 5. HP: 35/35 MP: 4/8
  4341 | D:4      | Reached skill level 1 in Armour
  4737 | D:4      | Gained mutation: When seriously injured, your blood forms
                  | thick armour. (AC +9) [demonic ancestry]
  4737 | D:4      | Reached XP level 6. HP: 41/41 MP: 4/9
  4927 | D:5      | Entered Level 5 of the Dungeon
  5055 | D:5      | Found a sand-covered staircase.
  5070 | Ossuary  | Entered an ossuary
  5576 | Ossuary  | Gained mutation: A weak demonic guardian rushes to your
                  | aid. [demonic ancestry]
  5576 | Ossuary  | Reached XP level 7. HP: 23/46 MP: 10/10
  5938 | Ossuary  | Noticed a silent spectre
  6025 | D:5      | Reached skill level 8 in Necromancy
  6712 | D:5      | Gained mutation: You have a pair of small antennae on your
                  | head. [demonic ancestry]
  6712 | D:5      | Reached XP level 8. HP: 52/52 MP: 5/11
  7013 | D:6      | Found an ornate altar of the Wu Jian Council.
  7263 | D:6      | Reached skill level 9 in Necromancy
  8019 | D:6      | Learned a level 4 spell: Animate Dead
  8335 | D:6      | Identified the +2 barding "Xobraj" {rPois rN+++ Int+3
                  | Dex-4}
  8587 | D:6      | Reached skill level 5 in Armour
  8724 | D:6      | Noticed Pikel
  8746 | D:6      | Killed Pikel
  8747 | D:6      | Reached skill level 10 in Necromancy
  8747 | D:6      | Reached XP level 9. HP: 34/57 MP: 6/12
  9154 | D:6      | Found a sacrificial altar of Ru.
  9591 | D:6      | Noticed a troll
  9690 | D:7      | Reached skill level 11 in Necromancy
  9843 | D:7      | Noticed Menkaure
  9851 | D:7      | Killed Menkaure
 10240 | D:7      | Found a staircase to the Ecumenical Temple.
 10250 | Temple   | Entered the Ecumenical Temple
 10319 | Temple   | Became a worshipper of Kikubaaqudgha
 10400 | D:7      | Found a bloodstained altar of Trog.
 10691 | D:7      | Found a runed translucent door.
 10692 | D:7      | Noticed Crazy Yiuf
 10698 | D:7      | Killed Crazy Yiuf
 11313 | D:7      | Found a shimmering altar of Xom.
 11531 | D:7      | Reached skill level 12 in Necromancy
 11583 | D:7      | Noticed Joseph
 11624 | D:8      | Noticed Psyche
 11624 | D:8      | Noticed Prince Ribbit
 11941 | D:8      | Found a flagged portal.
 11997 | D:7      | Reached * piety under Kikubaaqudgha
 11997 | D:7      | Received a gift from Kikubaaqudgha
 12273 | D:8      | Reached skill level 1 in Fighting
 12273 | D:8      | Gained mutation: A demonic guardian rushes to your aid.
                  | [demonic ancestry]
 12273 | D:8      | Reached XP level 10. HP: 62/63 MP: 13/13
 12315 | D:8      | Found a burning altar of Makhleb.
 12431 | D:8      | Reached skill level 5 in Dodging
 12482 | D:8      | Killed Psyche
 12492 | D:8      | Killed Prince Ribbit
 12553 | D:8      | Noticed Maurice
 12571 | D:8      | Killed Maurice
 12705 | D:8      | Learned a level 5 spell: Agony
 12814 | D:8      | Found a staircase to the Lair.
 13204 | D:9      | Reached skill level 1 in Maces & Flails
 13206 | D:9      | Noticed Harold
 13218 | D:9      | Killed Harold
 13323 | D:9      | Reached ** piety under Kikubaaqudgha
 13596 | D:9      | Noticed an orange demon
 13696 | D:9      | Noticed Amaemon
 14004 | Lair:1   | Entered Level 1 of the Lair of Beasts
 14442 | Lair:1   | Gained mutation: You have a pair of antennae on your head.
                  | [demonic ancestry]
 14442 | Lair:1   | Reached XP level 11. HP: 60/78 MP: 6/16
 14451 | Lair:1   | Reached skill level 5 in Fighting
 14454 | Lair:1   | Noticed a catoblepas
 14768 | D:6      | Reached skill level 5 in Maces & Flails
 15408 | D:7      | Killed Joseph
 15670 | Lair:2   | Noticed an eight-headed hydra
 15690 | Lair:2   | HP: 3/81 [eight-headed hydra (3)]
 15698 | Lair:2   | Killed an eight-headed hydra
 16324 | D:10     | Entered Level 10 of the Dungeon
 16699 | D:10     | Found a snail-covered altar of Cheibriados.
 16700 | D:10     | Found a hazy altar of Hepliaklqana.
 16818 | D:10     | Noticed a two-headed ogre
 16826 | D:10     | Killed a two-headed ogre
 16919 | D:10     | Noticed a two-headed ogre
 16927 | D:10     | Killed a two-headed ogre
 17910 | D:11     | Noticed Sonja
 17929 | Abyss:1  | Cast into level 1 of the Abyss (Sonja)
 18036 | Abyss:1  | Noticed a tentacled starspawn
 18038 | Abyss:1  | Noticed a sun demon
 18039 | Abyss:1  | Noticed a sun demon
 18041 | Abyss:1  | Noticed a sun demon
 18041 | Abyss:1  | Noticed a sun demon
 18041 | Abyss:1  | Noticed a shadow demon
 18044 | Abyss:1  | Noticed a lich
 18044 | Abyss:1  | Noticed a wretched star
 18044 | Abyss:1  | Noticed a balrug
 18045 | Abyss:1  | HP: 2/84 [sun demon[a balrug] (15)]
 18045 | Abyss:1  | Mangled by a sun demon

Illustrated notes

Levels and vault maps discovered:
D:1:      minmay_arrival_four_loops, layout_basic
D:2:      layout_loops_corners, serial_rivers, chequers_serial_rivers_micro_a,
          chequers_serial_rivers_micro_c, chequers_serial_rivers_large_b,
          chequers_serial_rivers_room_b, chequers_serial_rivers_micro_d,
          chequers_serial_rivers_micro_c, shapermc_ecumenical_altar_flowoftime
D:3:      layout_rooms, hex_tiny
D:4:      layout_loops_cross
D:5:      layout_basic, enter_ossuary_1, serial_aquarium,
          aquarium_bridge_long_separate [aquarium_subvault_bridge,
          aquarium_subvault_wall, aquarium_subvault_bridge,
          aquarium_subvault_bridge, aquarium_subvault_bridge,
          aquarium_subvault_window], aquarium_window_fake, aquarium_window_2,
          aquarium_window_1, aquarium_view_2d, aquarium_pool_four
D:6:      cheibrodos_two_vegetables, layout_layer_cave,
          nicolae_ru_great_annihilating_truth, mainiacjoe_overflow_catwalk,
          uniq_pikel
D:7:      layout_loops_corners, mainiacjoe_overflow_small_starburst,
          lemuel_crystal_altar, minmay_temple_entry_nine_rooms,
          minmay_nine_imps, uniq_joseph, uniq_menkaure, uniq_crazy_yiuf_cottage
D:8:      layout_rooms, kennysheep_mini, grunt_lair_entry_orc_guard_hut,
          enter_bailey_5, uniq_maurice, uniq_psyche, uniq_prince_ribbit1
D:9:      layout_cave_pools, uniq_harold, uniq_amaemon
D:10:     layout_cave_pools, jmf_multi_god_temple, serial_column_ruins,
          column_ruins_hut, column_ruins_grid_5, column_ruins_open_tiny,
          column_ruins_open_small_water, column_ruins_corridor_corner,
          column_ruins_corridor_straight
D:11:     layout_roguey, uniq_sonja
Temple:   nicolae_temple_bog_church
Lair:1:   layout_cave_shapes
Lair:2:   dreamdust_labyrinth, layout_regular_city,
          minmay_shoals_entry_centaurs, hangedman_tree_tricks
Abyss:1:  base:
D:6

Skill      XL: |  1  2  3  4  5  6  7  8  9 10 11 |
---------------+----------------------------------+-----
Necromancy     | 5 6 7 8 10 12 | 12.0
Armour         | 1 3 5 7 |  7.7
Dodging        | 3 4 6 |  6.9
Fighting       | 1 4 7 |  7.0
Spellcasting   | 3 |  3.6
Maces & Flails | 4 8 |  8.0
Stealth        | |  1.7

Action                   |  1- 3 |  4- 6 |  7- 9 | 10-12 || total
-------------------------+-------+-------+-------+-------++-------
Melee: Hand axe          |     6 |    97 |   281 |    34 ||   418
       Whip              |     8 |    15 |       |    60 ||    83
       Short sword       |       |     6 |       |       ||     6
       Punch             |       |     1 |     4 |     2 ||     7
       Flail             |       |       |       |    31 ||    31
       Morningstar       |       |       |       |    99 ||    99
Throw: Dart              |       |     3 |       |       ||     3
 Cast: Necrotise         |    70 |    42 |    84 |    30 ||   226
       Vampiric Draining |       |       |    19 |    41 ||    60
       Animate Dead      |       |       |    10 |    10 ||    20
       Agony             |       |       |       |    14 ||    14
Evoke: Wand              |       |       |       |    15 ||    15
  Use: Potion            |     2 |       |     1 |     8 ||    11
       Scroll            |     1 |    11 |    10 |     9 ||    31
 Stab: Paralysed         |     1 |     5 |    15 |    22 ||    43
       Sleeping          |       |     1 |       |       ||     1
       Distracted        |       |       |     1 |     1 ||     2
Armor: Robe              |     2 |       |       |       ||     2
       Ring mail         |       |    95 |   159 |   209 ||   463
Dodge: Dodged            |    14 |   108 |   203 |   292 ||   617
